 Dungeon Crawl Stone Soup version 0.18.1-50-g88ac8fd (webtiles) character file.

938 Zekeros1 the Insei (level 7, 0/64 HPs)
             Began as a Minotaur Monk on Sept 22, 2016.
             Was a Believer of Dithmenos.
             Slain by a sky beast (2 damage)
             ... on level 5 of the Dungeon.
             The game lasted 00:14:59 (4083 turns).

Zekeros1 the Insei (Minotaur Monk)                  Turns: 4083, Time: 00:14:59

Health: 0/64       AC:  2    Str: 15    XL:     7   Next: 87%
Magic:  6/6        EV: 17    Int:  7    God:    Dithmenos [**....]
Gold:   221        SH:  0    Dex: 18    Spells: 0 memorised, 6 levels left

rFire  . . .     SeeInvis .       - Unarmed
rCold  . . .     Gourm    .     a - +0 robe
rNeg   . . .     Faith    .     (no shield)
rPois  .         Spirit   .     (helmet restricted)
rElec  .         Dismiss  .     (no cloak)
rCorr  .         Reflect  .     (no gloves)
SustAt .         Harm     .     (no boots)
MR     .....                    (no amulet)
Stlth  ++++......               m - +3 ring of dexterity
                                g - ring of stealth

@: wreathed by umbra, not resistant to hostile enchantments, stealthy
A: retaliatory headbutt, horns 2
a: Shadow Step, Renounce Religion


You were on level 5 of the Dungeon.
You worshipped Dithmenos.
Dithmenos was pleased with you.
You were not hungry.

You visited 2 branches of the dungeon, and saw 6 of its levels.
You also visited: Ossuary.

You collected 221 gold pieces.

Inventory:

Armour
 a - a +0 robe (worn)
Jewellery
 g - a ring of stealth (left hand)
 h - a cursed amulet of inaccuracy
 m - a +3 ring of dexterity (right hand)
Scrolls
 i - a scroll of teleportation
 o - 2 scrolls of identify
 r - a scroll of noise {unknown}
 s - a scroll of amnesia {unknown}
 u - 2 scrolls of remove curse
Potions
 c - 2 potions of mutation {unknown}
 e - 7 potions of curing
 f - 2 potions of heal wounds {unknown}
 k - 2 potions of degeneration {unknown}
 n - a potion of cancellation {unknown}
 p - 2 potions of brilliance {unknown}
 q - 2 potions of flight {unknown}
 t - a potion of haste
 v - a potion of might {unknown}
Comestibles
 b - a bread ration
 d - 4 fruits
 l - 2 slices of pizza


   Skills:
 + Level 6.4 Fighting
 + Level 6.9 Dodging
 - Level 1.6 Stealth
 + Level 7.4 Unarmed Combat


You had 6 spell levels left.
You didn't know any spells.

Dungeon Overview and Level Annotations

Branches:
Dungeon (5/15)             Temple (1/1) D:4

Altars:
Ashenzari
Cheibriados
Dithmenos
Elyvilon
Fedhas
Gozag
Kikubaaqudgha
Makhleb
Nemelex Xobeh
Okawaru
Pakellas
Qazlal
Ru
Sif Muna
Trog
Vehumet
Xom
Yredelemnul
Zin
The Shining One


Innate Abilities, Weirdness & Mutations

You reflexively headbutt those who attack you in melee.
You have a pair of horns on your head.


Message History

The sky beast hits you. The sky beast shocks you. The sky beast hits you.
The sky beast shocks you.
* * * LOW HITPOINT WARNING * * *
The sky beast hits you but does no damage.
You miss the sky beast.
The sky beast is lightly wounded.
The sky beast flickers out of sight!
Deactivating autopickup; reactivate with Ctrl-A.
Something hits you.
* * * LOW HITPOINT WARNING * * *
Something shocks you.
* * * LOW HITPOINT WARNING * * *
You closely miss something. You headbutt something.
Something hits you but does no damage.
You closely miss something. Something hits you.
* * * LOW HITPOINT WARNING * * *
Something shocks you.
* * * LOW HITPOINT WARNING * * *
You barely miss something. You headbutt something. Something hits you.
You die...

##.. ..........##
.# ............. .#
...........>### .#
#.............# .#
#......#.#....##.##
..................#
##.....#......@...#
..............{.#.#
...###..###...##
#<....#.###
#...#.#..
#.#.#.#### #...# #
#...# .....


There were no monsters in sight!

Vanquished Creatures
  An ice beast (D:5)
  A black bear (D:4)
  A scorpion (D:4)
  3 centaur zombies (Ossuary)
  A jelly (D:3)
  2 hounds (D:4)
  A centaur skeleton (D:4)
  2 orc wizards (D:3)
  3 worker ants (D:4)
  2 ogre zombies (Ossuary)
  7 mummies (Ossuary)
  10 adders
  3 oozes
  An adder skeleton (D:4)
  5 adder zombies (Ossuary)
  4 worms
  2 dart slugs
  2 giant geckos
  9 orcs (D:3)
  3 giant cockroaches
  6 goblins
  5 hobgoblins
  10 jackals
  3 quokkas
  8 bats
  3 giant newts
  5 hobgoblin zombies (Ossuary)
  6 kobolds
  8 kobold zombies (Ossuary)
  5 quokka zombies (Ossuary)
  9 rats
  2 rat zombies (Ossuary)
133 creatures vanquished.

Notes
Turn   | Place    | Note
--------------------------------------------------------------
     0 | D:1      | Zekeros1 the Minotaur Monk began the quest for the Orb.
     0 | D:1      | Reached XP level 1. HP: 19/19 MP: 0/0
   127 | D:1      | Reached XP level 2. HP: 25/27 MP: 1/1
   378 | D:1      | Reached skill level 5 in Unarmed Combat
   647 | D:2      | Reached XP level 3. HP: 31/33 MP: 2/2
  1181 | D:2      | Found an oddly glowing altar of Pakellas.
  1380 | D:3      | Reached XP level 4. HP: 33/40 MP: 3/3
  1518 | D:3      | Reached XP level 5. HP: 30/47 MP: 4/4
  1739 | D:3      | Found a shattered altar of Ashenzari.
  1839 | D:3      | Reached skill level 5 in Dodging
  1839 | D:3      | Reached skill level 6 in Unarmed Combat
  2009 | D:3      | Found a sparkling altar of Nemelex Xobeh.
  2099 | D:3      | Reached skill level 5 in Fighting
  2281 | D:4      | Found a sand-covered staircase.
  2286 | Ossuary  | Entered an ossuary
  2317 | Ossuary  | Reached XP level 6. HP: 56/56 MP: 5/5
  2879 | Ossuary  | Reached XP level 7. HP: 8/62 MP: 6/6
  3478 | D:4      | Reached skill level 7 in Unarmed Combat
  3557 | D:4      | Found a stormy altar of Qazlal.
  3714 | D:4      | Found a staircase to the Ecumenical Temple.
  3728 | Temple   | Entered the Ecumenical Temple
  3861 | Temple   | Became a worshipper of Dithmenos the Shadowed
  3861 | Temple   | Reached * piety under Dithmenos
  3861 | Temple   | Reached ** piety under Dithmenos
  4059 | D:5      | Entered Level 5 of the Dungeon
  4082 | D:5      | HP: 1/64 [something (5)]
  4083 | D:5      | Slain by a sky beast

Skill      XL: |  1  2  3  4  5  6  7 |
---------------+----------------------+-----
Unarmed Combat | 5 6 7 |  7.4
Fighting       | 4 5 6 |  6.4
Dodging        | 4 5 6 |  6.9
Stealth        | |  1.6

Action                   |  1- 3 |  4- 6 |  7- 9 || total
-------------------------+-------+-------+-------++-------
Melee: Unarmed           |    79 |   210 |    73 ||   362
       Headbutt          |     8 |    48 |    16 ||    72
       Punch             |       |     6 |     4 ||    10
  Use: Scroll            |     3 |     4 |       ||     7
       Potion            |       |     3 |       ||     3
 Stab: Sleeping          |     3 |    11 |     7 ||    21
  Eat: Bread ration      |     1 |     1 |     1 ||     3
Armor: Robe              |    11 |    12 |     6 ||    29
Dodge: Dodged            |    74 |   123 |    49 ||   246
